 Dungeon Crawl Stone Soup version 0.24.1-8-ga250c9d538 (webtiles) character file.

Game seed: 709337321947960903, levelgen mode: deterministic

79 Hugehornet the Changer (level 4, 0/28 HPs)
             Began as an Octopode Transmuter on May 3, 2020.
             Slain by an adder (4 damage)
             ... on level 2 of the Dungeon.
             The game lasted 00:02:35 (2103 turns).

Hugehornet the Changer (Octopode Transmuter)        Turns: 2103, Time: 00:02:35

Health: 0/28       AC:  1    Str:  9    XL:     4   Next: 37%
Magic:  7/7        EV: 13    Int: 16    God:
Gold:   101        SH:  0    Dex: 12    Spells: 1/7 levels left

rFire    . . .     SeeInvis .     - Unarmed
rCold    . . .     Gourm    .   (no shield)
rNeg     . . .     Faith    .   (helmet restricted)
rPois    .         Spirit   .   (no amulet)
rElec    .         Reflect  .   d - ring of flight
rCorr    .         Harm     .   (no ring)
MR       .....                  (no ring)
Stlth    ++........             (no ring)
HPRegen  0.09/turn              (no ring)
MPRegen  0.10/turn              (no ring)
                                (no ring)
                                (no ring)

@: lethally poisoned (0 -> -5)
A: almost no armour, stealthy swim, amphibious, 8 rings, constrict 8, camouflage
1, gelatinous body 1
a: Evoke Flight


You were on level 2 of the Dungeon.
You were very hungry.

You visited 1 branch of the dungeon, and saw 2 of its levels.

You collected 101 gold pieces.

Inventory:

Missiles
 a - 28 arrows
Jewellery
 d - a ring of flight (left tentacle)
Scrolls
 b - 5 scrolls of remove curse {unknown}
 g - a scroll of teleportation {unknown}
 h - a scroll of noise {unknown}
 i - a scroll of fog {unknown}
 l - a scroll of random uselessness {unknown}
 m - a scroll of identify {unknown}
 n - a scroll of immolation {unknown}
Potions
 e - a potion of resistance {unknown}
 f - 2 potions of lignification {unknown}
 j - a potion of might {unknown}
 k - a potion of curing {unknown}
Comestibles
 c - 6 rations


   Skills:
 - Level 1.0 Fighting
 - Level 2.0 Dodging
 - Level 3.0 Unarmed Combat
 - Level 2.0 Spellcasting
 + Level 4.5 Transmutations


You had one spell level left.
You knew the following spells:

 Your Spells              Type           Power        Failure   Level  Hunger
a - Beastly Appendage     Tmut           ###...       3%          1    #......
b - Sticks to Snakes      Tmut           ###.....     4%          2    ###....
c - Spider Form           Tmut/Pois      #.........   24%         3    ###....

Your spell library contained the following spells:

 Spells                   Type           Power        Failure   Level  Hunger
 Ice Form                 Ice/Tmut       #.......     63%         4    #####..
 Blade Hands              Tmut           ###.......   65%         5    ######.


Dungeon Overview and Level Annotations

Branches:
Dungeon (2/15)

Altars:


Innate Abilities, Weirdness & Mutations

You cannot wear most types of armour.
You are very stealthy in the water. (Stealth+)
You are amphibious.
You can wear up to eight rings at the same time.
You can use your tentacles to constrict eight enemies at once.
Your skin changes colour to match your surroundings (Stealth+).
Your rubbery body absorbs attacks. (AC +1, EV +1)


Message History

You kill the adder!
* * * LOW HITPOINT WARNING * * *
You feel sick.
You tentacle-slap the frilled lizard but do no damage.
You grab the frilled lizard.
You constrict the frilled lizard, but do no damage.
The frilled lizard barely misses you.
You tentacle-slap the frilled lizard.
You kill the frilled lizard!
* * * LOW HITPOINT WARNING * * *
You feel sick. The adder misses you.
You miss the adder. You grab the adder. You squeeze the adder.
The adder is lightly wounded.
You constrict the adder. The adder misses you.
You tentacle-slap the adder.
The adder is moderately wounded.
You constrict the adder.
* * * LOW HITPOINT WARNING * * *
You feel sick. The adder bites you.
You die...

.#.......#.#####.#
.#####.........#.#
#.........#.#
#.........#.#
#..........#.#
.............#.#
.##....#.#####.# #
#....#.# #.#
#......... #@#
#.#.......##S#
..#.....##l#
......?.##.#
.###....##.#
.#%#.#.....#
.#.#.......#
.b.....#†..#
##.##.l....#


You could see an adder and a frilled lizard.

Vanquished Creatures
  2 adders (D:2)
  An ooze (D:1)
  A worm (D:2)
  2 dart slugs (D:1)
  A ball python (D:2)
  3 giant cockroaches (D:1)
  6 goblins
  5 hobgoblins
  8 bats
  5 frilled lizards
  10 kobolds
  4 rats
48 creatures vanquished.

Notes
Turn   | Place    | Note
-------+----------+-------------------------------------------
     0 | D:1      | Hugehornet the Octopode Transmuter began the quest for the
                  | Orb.
     0 | D:1      | Reached XP level 1. HP: 13/13 MP: 3/3
     7 | D:1      | Noticed a redback
     7 | D:1      | Noticed a black bear
     7 | D:1      | Noticed a rime drake
     7 | D:1      | Noticed a black mamba
    88 | D:1      | Reached XP level 2. HP: 13/18 MP: 3/5
   296 | D:1      | Reached skill level 3 in Transmutations
   332 | D:1      | Learned a level 2 spell: Sticks to Snakes
   388 | D:1      | Reached XP level 3. HP: 16/23 MP: 4/6
   393 | D:1      | Learned a level 3 spell: Spider Form
  1489 | D:2      | Reached skill level 4 in Transmutations
  1572 | D:2      | Reached XP level 4. HP: 13/28 MP: 7/7
  2103 | D:2      | Slain by an adder

Levels and vault maps discovered:
D:1:      onia_arrival_zoo_common, layout_basic
D:2:      layout_basic, lemuel_crystal_altar, first_ration,
          minmay_fractal_squares_5

Skill      XL: |  1  2  3 |
---------------+----------+-----
Transmutations | 3 4 |  4.5
Fighting       | |  1.0
Dodging        | |  2.0
Unarmed Combat | |  3.0
Spellcasting   | |  2.0

Action                   |  1- 3 |  4- 6 || total
-------------------------+-------+-------++-------
Melee: Unarmed           |    96 |    19 ||   115
       Constrict         |    25 |     4 ||    29
       Kick              |    19 |     3 ||    22
       Tentacles         |    15 |     3 ||    18
       Punch             |     3 |       ||     3
 Cast: Beastly Appendage |    24 |     2 ||    26
 Stab: Sleeping          |     5 |       ||     5
  Eat: Chunk             |     3 |       ||     3
Armor: Skin              |     9 |     2 ||    11
Dodge: Dodged            |    68 |    11 ||    79
